 Dungeon Crawl Stone Soup version 0.21.0-3-g78d12a8 (webtiles) character file.

363824 MTVSty1e the Shatterer (level 21, 0/145 HPs)
             Began as a Gargoyle Fighter on Jan 14, 2018.
             Was the Champion of Jiyva.
             Killed from afar by a starcursed mass (13 damage)
             ... with an accursed screaming
             ... on level 4 of the Abyss.
             The game lasted 01:57:34 (36021 turns).

MTVSty1e the Shatterer (Gargoyle Fighter)          Turns: 36021, Time: 01:57:34

Health: 0/145      AC: 42    Str: 27    XL:     21   Next: 68%
Magic:  0/21       EV: 16    Int:  5    God:    Jiyva [******]
Gold:   1187       SH: 18    Dex: 21    Spells: 20/20 levels left

rFire    + + +     SeeInvis .   Z - +8 eveningstar of Yloxiciq {protect, Stlth+}
rCold    + . .     Gourm    .   T - +2 shield {reflect}
rNeg     + . .     Faith    .   K - +4 fire dragon scales {Xtahua}
rPois    ∞         Spirit   +   v - +0 hat {MR+}
rElec    +         Reflect  +   Q - scarf {Spirit}
rCorr    +         Harm     .   m - +0 pair of gloves
MR       +++..     Rnd*Tele +   O - +2 pair of boots
Stlth    +++.......             k - amulet of regeneration
HPRegen  0.74/turn              V - ring of Taerimi {rF+ MR+ Str+3 Int+6 Stlth+}
MPRegen  0.17/turn              L - ring of protection from cold

@: about to teleport, protection aura, berserk cooldown, flying, very slightly
contaminated, hasted and slowed
A: big wings, hooves 1, horns 1, cold resistance 1, [deformed body], [dopey 1],
fire resistance 1, negative energy resistance 1, electricity resistance, strong
1, [teleportitis 2], [weak 2], unbreathing, acidic bite, eyeballs 1, translucent
skin 2, tendrils, petrification resistance, [no potion heal 1], rot immunity,
[subdued magic 1], AC +16
}: 4/15 runes: decaying, serpentine, slimy, abyssal
a: Stop Flying, Request Jelly, Slimify, Cure Bad Mutation, Renounce Religion


You were on level 4 of the Abyss.
You worshipped Jiyva.
Jiyva was exalted by your worship.
You were completely stuffed.

You visited 9 branches of the dungeon, and saw 43 of its levels.
You visited the Abyss 1 time.
You also visited: Labyrinth, Trove and Ice Cave.

You collected 3532 gold pieces.
You spent 2345 gold pieces at shops.

Inventory:

Hand Weapons
 Z - the +8 eveningstar of Yloxiciq (weapon) {protect, Stlth+}
   (You found it on level 2 of the Swamp)

   It protects the one who uses it against injury (+AC on strike).
   It makes you more stealthy.
Armour
 m - a +0 pair of gloves (worn)
 v - a +0 hat of magic resistance (worn)
 J - the +4 plate armour of Cesuowacs {MR+ Int+4}
   (You bought it in a shop on level 2 of the Orcish Mines)

   It affects your intelligence (+4).
   It affects your resistance to hostile enchantments.
 K - +4 fire dragon scales (worn) {Xtahua}
 O - a +2 pair of boots (worn)
 Q - a scarf of spirit shield (worn)
 T - a +2 shield of reflection (worn)
Jewellery
 k - an amulet of regeneration (around neck)
 l - an uncursed ring of protection from fire
 L - a ring of protection from cold (right hand)
 U - an uncursed ring of protection from cold
 V - the ring of Taerimi (left hand) {rF+ MR+ Str+3 Int+6 Stlth+}
   (You found it on level 1 of the Snake Pit)

   [ring of intelligence]

   It affects your strength (+3).
   It affects your intelligence (+6).
   It protects you from fire.
   It affects your resistance to hostile enchantments.
   It makes you more stealthy.
 Y - an uncursed ring of positive energy
Wands
 d - a wand of clouds (7)
 g - a wand of digging (12)
 j - a wand of iceblast (46)
 p - a wand of acid (23)
 u - a wand of disintegration (38)
 F - a wand of flame (116)
 G - a wand of polymorph (31)
 H - a wand of scattershot (11)
Scrolls
 b - 8 scrolls of remove curse
 e - 2 scrolls of enchant armour
 i - 3 scrolls of amnesia
 o - 2 scrolls of magic mapping
 x - 7 scrolls of identify
 y - 3 scrolls of holy word
 A - 2 scrolls of enchant weapon
 B - 3 scrolls of teleportation
 D - a scroll of brand weapon
 N - a scroll of fog
 R - a scroll of fear
 S - a scroll of summoning
Potions
 c - 4 potions of lignification
 h - 2 potions of ambrosia
 n - 4 potions of agility
 q - 5 potions of mutation
 s - 9 potions of curing
 t - 2 potions of might
 w - a potion of resistance
 z - 4 potions of brilliance
 C - a potion of haste
 E - a potion of berserk rage
 I - a potion of cancellation
 M - a potion of magic
Comestibles
 f - 41 rations


   Skills:
 + Level 19.7 Fighting
 * Level 22.1 Maces & Flails
 + Level 16.7 Armour
 * Level 7.3 Dodging
 + Level 16.9 Shields


You had 20 spell levels left.
You didn't know any spells.

Dungeon Overview and Level Annotations

Branches:
Dungeon (15/15)            Temple (1/1) D:7            Lair (6/6) D:8
  Swamp (4/4) Lair:3        Snake (4/4) Lair:3        Slime (5/5) Lair:6
    Orc (2/2) D:10            Elf (3/3) Orc:2        Vaults (3/5) D:13
 Depths (0/5) D:15
  Crypt: Vaults:2-3

Altars:
Ashenzari
Cheibriados
Dithmenos
Elyvilon
Fedhas
Gozag
Hepliaklqana
Kikubaaqudgha
Makhleb
Nemelex Xobeh
Okawaru
Qazlal
Ru
Sif Muna
Trog
Uskayaw
Vehumet
Wu Jian
Xom
Yredelemnul
Zin
The Shining One
Beogh
Jiyva

Shops:
D:11 !   Orc:1 *?[*(   Orc:2 (}([   Elf:2 [   Snake:2 [

Annotations:
Lair:3 Harold
Slime:5 Royal Jelly


Innate Abilities, Weirdness & Mutations

You are resistant to torment.
Your stone body is resilient. (AC +16)
You are immune to poison.
Your large and strong wings let you fly indefinitely.
You resist negative energy. (rN+)
You are resistant to electric shocks. (rElec)
You can survive without breathing.
You are immune to petrification.
You are immune to rotting.
You have large cloven feet.
You have a pair of small horns on your head.
Your flesh is cold resistant. (rC+)
Your flesh is heat resistant. (rF+)
Your muscles are strong. (Str +2)
You have acidic saliva.
Your body has grown golden eyes which may confuse attackers. (Acc +3)
Your translucent skin reduces your foes' accuracy. (Stealth)
You are covered in slimy tendrils that may disarm your opponents.
[Armour fits poorly on your strangely shaped body.]
[You are dopey. (Int -2)]
[You are sometimes teleported next to monsters.]
[You are very weak. (Str -4)]
[Potions are less effective at restoring your health.]
[Your spells are a little easier to cast, but a little less powerful.]


Message History

Tentacles burst from the starspawn's body!
You block the death knight's attack. 2 starspawn tentacles come into view.
You hit the death knight. Your headbutt misses the death knight.
You bite the death knight.
The death knight is splashed with acid.
The acid corrodes the death knight!
The death knight is moderately wounded.
The starcursed mass engulfs you!
* * * LOW HITPOINT WARNING * * *
As you read the scroll of teleportation, it crumbles to dust.
You feel strangely unstable.
You feel the power of the Abyss delaying your translocation!
You block the starcursed mass's attack. The starcursed mass misses you.
You barely miss the tentacled starspawn.
You headbutt the tentacled starspawn, but do no damage.
You block the starcursed mass's attack.
You bludgeon the tentacled starspawn!!
The tentacled starspawn is moderately damaged.
A deafening chorus of shrieks assaults your mind!
You die...

### #..###
......
#.......
##5..##..
#XXX....##
##Xh#....
#@X#....
##XX#h.
..#
#3p5... #
#...## .
.......
+..
#...... .
#..####
... ### ..
.


You could see 6 starcursed masses, a tentacled starspawn, a death knight, a
raiju, a neqoxec, a quasit and a crimson imp.

Vanquished Creatures
  Bai Suzhen (Swamp:3)
  Saint Roka (Snake:2)
  Xtahua (Vaults:2)
  Rupert (D:12)
  Asterion (Vaults:2)
  A deep elf blademaster (Elf:3)
  2 tentacled starspawn (Abyss:4)
  Gastronok (D:12)
  Agnes (Elf:2)
  4 thorn hunters
  Kirke (D:13)
  Donald (Snake:3)
  Roxanne (Snake:4)
  10 nagarajas
  The ghost of eeldvark the Cleaver, an adept GnMo (Snake:4)
  2 deep elf sorcerers (Elf:3)
  A frost giant (IceCv)
  Louise (Swamp:2)
  Aizul (Snake:2)
  A deep elf elementalist (Elf:3)
  6 vault wardens
  4 ironheart preservers
  The ghost of Qupu the Impaler, a journeyman MfSk of Makhleb (Lair:6)
  2 stone giants (Vaults:2)
  2 deep elf demonologists
  An entropy weaver (Vaults:3)
  3 deep elf annihilators
  An ettin (Vaults:2)
  2 crystal guardians
  A deep elf death mage (Elf:1)
  3 fire dragons
  A minotaur (Lab)
  A deep elf high priest (Elf:3)
  4 rakshasas
  An ogre mage (Vaults:2)
  2 ice dragons
  6 vault guards
  17 naga warriors
  A yaktaur captain (Vaults:1)
  20 hydras
  Erica (Orc:1)
  A ghost crab (Swamp:3)
  9 two-headed ogres
  5 centaur warriors
  10 alligators
  A death knight (Vaults:2)
  A catoblepas (Lair:6)
  24 dancing weapons
  7 anacondas
  2 tengu warriors
  14 death yaks
  8 orc high priests
  Nergalle (D:12)
  21 deep elf knights
  Sonja (D:13)
  19 naga sharpshooters
  A hell knight (Vaults:2)
  7 shock serpents
  2 wretched stars (Abyss:4)
  11 skeletal warriors
  2 large abominations (Elf:1)
  4 sea snakes
  6 salamander mystics
  2 unseen horrors (Lab)
  12 swamp dragons
  An unseen horror (shapeshifter) (D:15)
  3 spriggan druids
  Pikel (D:7)
  12 naga ritualists
  8 wizards
  A flayed ghost (Vaults:3)
  3 lindwurms (Swamp:4)
  6 ironbrand convokers
  A shambling mangrove (Swamp:2)
  6 orc knights
  39 deep elf magi
  9 mana vipers
  10 deep elf archers
  A wolf spider (Vaults:3)
  3 necromancers
  An oklob plant (Lair:3)
  9 salamanders
  2 manticores
  3 orc sorcerers
  21 ugly things
  5 cyclopes
  46 black mambas
  11 elephants
  23 naga magi
  An apocalypse crab (Abyss:4)
  3 guardian serpents
  A molten gargoyle (Lair:6)
  Joseph (D:8)
  2 gargoyles (Lab)
  An ice statue (IceCv)
  5 vault sentinels
  19 spiny frogs
  3 freezing wraiths
  6 komodo dragons
  10 yaktaurs
  A tengu conjurer (D:13)
  13 polar bears
  2 queen bees (shapeshifter)
  16 hornets
  A meliai (shapeshifter) (D:15)
  A wind drake (shapeshifter) (Vaults:2)
  11 tyrant leeches
  11 blink frogs
  10 trolls
  9 hippogriffs
  Grinder (D:6)
  3 raiju (Abyss:4)
  7 bog bodies
  12 dream sheep
  An air elemental (Elf:2)
  A redback (Lab)
  22 spriggans
  3 wyverns
  A fire bat (shapeshifter) (D:15)
  3 wraiths
  2 shadows
  15 humans (D:13)
  4 basilisks
  2 water elementals
  A hog (D:13)
  27 vampire mosquitoes
  38 yaks
  7 hungry ghosts
  A fire elemental (Elf:3)
  A human simulacrum (Vaults:2)
  23 swamp worms
  11 wargs
  60 nagas
  An acid dragon (D:14)
  13 insubstantial wisps
  4 water moccasins
  2 hell hounds (Lair:2)
  A naga (shapeshifter) (Vaults:3)
  4 porcupines
  14 swamp drakes
  2 black bears (shapeshifter) (Vaults:3)
  35 orc warriors
  2 sky beasts
  7 black bears
  10 ogres
  3 phantoms
  2 ice beasts
  12 boggarts
  3 elephant zombies (Lair:3)
  2 necrophages
  50 wolves
  21 centaurs
  5 crocodiles
  3 elf zombies (Elf:1)
  A komodo dragon zombie (Lair:3)
  24 bullfrogs
  An earth elemental (Elf:2)
  A scorpion (D:7)
  8 killer bees
  An elf simulacrum (Vaults:3)
  9 wights
  8 howler monkeys
  4 electric eels
  12 crimson imps
  4 bullfrog zombies
  3 centaur zombies
  8 starcursed masses (Abyss:4)
  8 centaur skeletons
  5 jellies
  A bullfrog skeleton (D:9)
  31 orc priests
  A basilisk zombie (Lair:3)
  A gnoll shaman (Orc:1)
  6 hounds
  19 orc wizards
  3 iguanas
  7 worker ants
  3 hell rats
  A killer bee zombie (D:7)
  A crocodile zombie (Lair:3)
  A hound zombie (D:7)
  3 hound skeletons
  Robin (D:4)
  A howler monkey skeleton (D:4)
  A worker ant zombie (D:10)
  8 gnolls
  8 adders
  5 river rats
  4 shadow imps
  3 oozes
  An adder skeleton (D:4)
  An adder zombie (D:7)
  A worm (D:2)
  3 dart slugs
  5 leopard geckos
  A leopard gecko (shapeshifter) (D:15)
  84 orcs
  2 giant cockroaches
  10 hobgoblins
  12 jackals
  4 quokkas
  A bat (D:2)
  4 frilled lizards
  19 goblins
  6 kobolds
  12 rats
  A briar patch (Swamp:4)
  A bush (Lair:3)
  A plant (Orc:1)
1454 creatures vanquished.

Vanquished Creatures (collateral kills)
  A deep elf annihilator (Elf:3)
  A starcursed mass (Abyss:4)
2 creatures vanquished.

Vanquished Creatures (others)
  3 acid blobs (Slime:5)
  A death ooze (Slime:5)
  A fire dragon (Vaults:3)
  A great orb of eyes (Slime:5)
  A hydra (Swamp:4)
  3 naga sharpshooters
  A deep elf knight (Elf:2)
  2 unseen horrors (D:15)
  A centaur zombie (D:13)
  A naga mage (Snake:2)
  A black mamba (Snake:2)
  A tengu conjurer (D:14)
  3 yaktaurs (Vaults:1)
  A jumping spider (shapeshifter) (Vaults:3)
  A polar bear (Lair:3)
  A hippogriff (D:15)
  A bog body (Swamp:3)
  31 slime creatures
  A spriggan (Lair:6)
  3 humans (D:13)
  A hungry ghost (Lab)
  2 nagas
  A swamp worm (Swamp:2)
  A soldier ant (D:13)
  A swamp drake (Swamp:4)
  An eye of draining (D:12)
  An orc warrior (Orc:2)
  2 ogres
  3 boggarts (D:15)
  2 centaurs
  2 wolves (IceCv)
  A bullfrog (D:11)
  179 jellies
  A scorpion (D:7)
  A crimson imp (D:14)
  4 orc priests (Orc:2)
  An orc wizard (Orc:2)
  A centaur skeleton (D:7)
  A worker ant (D:11)
  A hell rat (Lair:3)
  A gnoll (D:12)
  A river rat (Lair:3)
  An ooze (D:7)
  7 orcs
  3 briar patches (Swamp:4)
  2 fire vortices (Abyss:4)
  9 fungi
  7 plants
  6 starspawn tentacles (Abyss:4)
  11 toadstools (Swamp:3)
314 creatures vanquished.

Grand Total: 1770 creatures vanquished

Notes
Turn   | Place    | Note
-------+----------+-------------------------------------------
     0 | D:1      | MTVSty1e the Gargoyle Fighter began the quest for the Orb.
     0 | D:1      | Reached XP level 1. HP: 14/14 MP: 1/1
   283 | D:1      | Reached XP level 2. HP: 19/19 MP: 2/2
   318 | D:1      | Reached skill level 3 in Maces & Flails
   608 | D:2      | Reached XP level 3. HP: 20/23 MP: 3/3
   613 | D:2      | Reached skill level 4 in Maces & Flails
   746 | D:2      | Reached XP level 4. HP: 26/28 MP: 4/4
  1258 | D:3      | Found a blossoming altar of Fedhas.
  1616 | D:3      | Reached skill level 5 in Maces & Flails
  1616 | D:3      | Reached XP level 5. HP: 29/32 MP: 5/5
  1872 | D:4      | Noticed a phantom
  1910 | D:4      | Killed a phantom
  1910 | D:4      | Reached skill level 6 in Maces & Flails
  1910 | D:4      | Reached XP level 6. HP: 29/37 MP: 6/6
  1929 | D:4      | Found a shadowy altar of Dithmenos.
  2063 | D:4      | Noticed a phantom
  2080 | D:4      | Killed a phantom
  2080 | D:4      | Reached skill level 7 in Maces & Flails
  2191 | D:4      | Reached XP level 7. HP: 37/41 MP: 7/7
  2373 | D:4      | Reached skill level 8 in Maces & Flails
  2751 | D:4      | Found a snail-covered altar of Cheibriados.
  2822 | D:4      | Noticed Robin
  2861 | D:4      | Killed Robin
  2952 | D:5      | Entered Level 5 of the Dungeon
  3317 | D:5      | Reached skill level 9 in Maces & Flails
  3317 | D:5      | Reached XP level 8. HP: 46/46 MP: 8/8
  3753 | D:6      | Reached skill level 10 in Maces & Flails
  3810 | D:6      | Noticed Grinder
  3820 | D:6      | Paralysed by Grinder for 2 turns
  3825 | D:6      | Killed Grinder
  3904 | D:6      | Reached skill level 11 in Maces & Flails
  4015 | D:6      | Reached XP level 9. HP: 46/51 MP: 9/9
  4127 | D:7      | Found a staircase to the Ecumenical Temple.
  4145 | Temple   | Entered the Ecumenical Temple
  4890 | D:7      | Noticed Pikel
  4923 | D:7      | Killed Pikel
  4923 | D:7      | Reached skill level 12 in Maces & Flails
  5332 | D:8      | Reached skill level 5 in Fighting
  5365 | D:8      | Noticed Joseph
  5391 | D:8      | Killed Joseph
  5456 | D:8      | Reached XP level 10. HP: 43/60 MP: 10/10
  5689 | D:8      | Found a staircase to the Lair.
  5848 | Lair:1   | Entered Level 1 of the Lair of Beasts
  5851 | Lair:1   | Noticed a spiny frog
  5874 | Lair:1   | Killed a spiny frog
  5874 | Lair:1   | Reached skill level 5 in Armour
  5959 | Lair:1   | Reached skill level 5 in Shields
  6113 | Lair:1   | Noticed a spiny frog
  6115 | Lair:1   | Noticed a spiny frog
  6120 | Lair:1   | Killed a spiny frog
  6139 | Lair:1   | Killed a spiny frog
  6505 | Lair:1   | Reached skill level 13 in Maces & Flails
  6649 | D:8      | Reached XP level 11. HP: 45/68 MP: 11/11
  7317 | D:10     | Entered Level 10 of the Dungeon
  7341 | D:10     | Found a staircase to the Orcish Mines.
  7589 | D:10     | Got a glittering platinum ring
  8185 | D:11     | Noticed a two-headed ogre
  8736 | Lair:2   | Identified the ring of Lolima Fied {rElec MP+9 Str+3} (You took it off a gnoll on level 10 of the Dungeon)
  8776 | Lair:2   | Noticed a death yak
  8777 | Lair:2   | Noticed a death yak
  8778 | Lair:2   | Noticed a death yak
  8801 | Lair:2   | Noticed a death yak
  8806 | Lair:2   | Noticed a death yak
  8807 | Lair:2   | Noticed a death yak
  8812 | Lair:3   | Noticed Harold
  8838 | Lair:4   | Killed a death yak
  8842 | Lair:4   | Gained mutation: Your flesh is heat resistant. (rF+) [potion of mutation]
  8842 | Lair:4   | Gained mutation: You have a somewhat thin skeletal structure. (Dex +2, Stealth) [potion of mutation]
  8843 | Lair:4   | Reached skill level 15 in Maces & Flails
  8843 | Lair:4   | Reached XP level 12. HP: 37/76 MP: 12/12
  8958 | Lair:3   | Noticed a death yak
  8958 | Lair:3   | Noticed a death yak
  8958 | Lair:3   | Noticed a death yak
  9180 | Lair:4   | Reached skill level 16 in Maces & Flails
  9371 | Lair:4   | Killed a death yak
  9385 | Lair:4   | Killed a death yak
  9385 | Lair:4   | Reached XP level 13. HP: 18/81 MP: 13/13
 10026 | Lair:2   | Got a jewelled helmet
 10027 | Lair:2   | Identified the +0 helmet "Tick" {Int+4} (You found it on level 2 of the Lair of Beasts)
 10113 | Lair:2   | Reached skill level 10 in Fighting
 11742 | Lair:5   | Found a frozen archway.
 11757 | IceCv    | Entered an ice cave
 12337 | IceCv    | Reached skill level 17 in Maces & Flails
 12374 | IceCv    | Gained mutation: Your large and strong wings let you fly indefinitely. [Gargoyle growth]
 12374 | IceCv    | Reached XP level 14. HP: 72/90 MP: 14/14
 12400 | IceCv    | Noticed a frost giant
 12420 | IceCv    | Killed a frost giant
 12623 | IceCv    | Identified the Compendium of Execration and Evil
 12767 | Lair:5   | Reached skill level 10 in Shields
 13166 | Lair:6   | Entered Level 6 of the Lair of Beasts
 13166 | Lair:6   | Noticed Qupu's ghost (journeyman MfSk)
 13589 | Lair:6   | Reached skill level 10 in Armour
 13870 | Lair:6   | Found a viscous altar of Jiyva.
 13870 | Lair:6   | Found a staircase to the Slime Pits.
 13923 | Lair:6   | Became a worshipper of Jiyva Jyucwaah the Shapeless
 14205 | Lair:6   | Reached * piety under Jiyva
 14670 | Lair:6   | Reached ** piety under Jiyva
 15299 | Slime:1  | Entered Level 1 of the Pits of Slime
 15299 | Slime:1  | Noticed an acid blob
 15335 | Slime:4  | Noticed an acid blob
 15353 | Slime:5  | Entered Level 5 of the Pits of Slime
 15357 | Slime:5  | Noticed an acid blob
 15366 | Slime:5  | Found a viscous altar of Jiyva.
 15366 | Slime:5  | Noticed an acid blob
 15366 | Slime:5  | Noticed the Royal Jelly
 15372 | Slime:5  | Killed an acid blob
 15374 | Slime:5  | Noticed an acid blob
 15384 | Slime:5  | Noticed an acid blob
 15415 | Slime:5  | Killed an acid blob
 15475 | Slime:5  | Killed an acid blob
 15545 | Lair:6   | Reached *** piety under Jiyva
 15553 | Lair:6   | Killed Qupu's ghost
 15656 | Lair:5   | Gained mutation: You have an increased reservoir of magic. (+10% MP) [Jiyva's grace]
 16083 | Lair:4   | Gained mutation: You are robust. (+10% HP) [Jiyva's grace]
 16150 | Lair:3   | Reached **** piety under Jiyva
 16160 | Lair:3   | Found a staircase to the Swamp.
 16273 | Lair:3   | Found a staircase to the Snake Pit.
 16350 | Lair:3   | Gained mutation: You are resistant to hostile enchantments. (MR+) [Jiyva's grace]
 16453 | Lair:3   | Reached ***** piety under Jiyva
 16475 | Lair:3   | Reached XP level 15. HP: 95/106 MP: 16/16
 16863 | D:11     | Found a portal to a secret trove of treasure.
 16938 | D:11     | Gained mutation: You evolve. [Jiyva's grace]
 17105 | D:11     | Gained mutation: Your body has grown golden eyes which may confuse attackers. (Acc +3) [Jiyva's grace]
 17119 | D:11     | Found Gaestaod's Distillery.
 17129 | D:11     | Bought a potion of heal wounds for 75 gold pieces
 17129 | D:11     | Bought a potion of might for 60 gold pieces
 17129 | D:11     | Bought a potion of heal wounds for 75 gold pieces
 17299 | D:11     | Reached ****** piety under Jiyva
 17299 | D:11     | Gained mutation: Your rubbery body absorbs attacks. (AC +1, EV +1) [Jiyva's grace]
 17584 | Slime:5  | Lost mutation: You have an increased reservoir of magic. (+10% MP) [Jiyva's grace]
 17625 | Slime:5  | Lost mutation: Your flesh is heat resistant. (rF+) [evolution]
 17640 | Slime:5  | Gained mutation: Your body has grown many golden eyes which may confuse attackers. (Acc +5) [Jiyva's grace]
 17641 | Slime:5  | Got a slimy rune of Zot
 17655 | Slime:5  | Gained mutation: You are covered in slimy tendrils that may disarm your opponents. [Jiyva's grace]
 17822 | Slime:4  | Noticed an acid blob
 18137 | D:11     | You showed the slimy rune of Zot to enter a treasure trove
 18138 | Trove    | Entered a treasure trove
 18429 | D:12     | Noticed Nergalle
 18438 | D:12     | Killed Nergalle
 18439 | D:12     | Noticed Gastronok
 18451 | D:12     | Killed Gastronok
 18451 | D:12     | Reached skill level 18 in Maces & Flails
 18506 | D:12     | Found an ornate altar of the Wu Jian Council.
 18524 | D:12     | Gained mutation: [You are dopey. (Int -2)] [Jiyva's grace]
 18664 | D:12     | Lost mutation: [You are dopey. (Int -2)] [Jiyva's power]
 18665 | D:12     | Found a shimmering altar of Xom.
 18671 | D:12     | Noticed Rupert
 18679 | D:12     | Gained mutation: You rapidly evolve. [Jiyva's grace]
 18697 | D:12     | Killed Rupert
 18951 | D:13     | Noticed Sonja
 18955 | D:13     | Killed Sonja
 19038 | D:12     | Lost mutation: You are covered in slimy tendrils that may disarm your opponents. [Jiyva's grace]
 19073 | D:13     | Gained mutation: [You are weak. (Str -2)] [Jiyva's grace]
 19140 | D:13     | Lost mutation: [You are weak. (Str -2)] [Jiyva's power]
 19194 | D:13     | Noticed Kirke
 19205 | D:13     | Killed Kirke
 19297 | D:13     | Gained mutation: Armour fits poorly on your pseudopods. [Jiyva's grace]
 19630 | D:13     | Found a gate to the Vaults.
 19638 | D:13     | Lost mutation: Armour fits poorly on your pseudopods. [Jiyva's grace]
 19730 | D:13     | Gained mutation: Your pliable body absorbs attacks. (AC +2, EV +2) [Jiyva's grace]
 19904 | D:14     | Gained mutation: You are covered in slimy tendrils that may disarm your opponents. [Jiyva's grace]
 20278 | D:14     | Reached XP level 16. HP: 115/115 MP: 16/16
 20321 | D:14     | Lost mutation: You rapidly evolve. [Jiyva's grace]
 20333 | D:14     | Gained mutation: Your translucent skin slightly reduces your foes' accuracy. (Stealth) [Jiyva's grace]
 20420 | D:15     | Entered Level 15 of the Dungeon
 20606 | D:15     | Found a labyrinth entrance.
 20647 | Lab      | Entered a labyrinth
 20670 | Lab      | Found an exit through the horrors of the Abyss.
 21438 | Lab      | Identified the Volume of Confrontation and Toxins
 21511 | Lab      | Gained mutation: You are agile. (Dex +2) [Jiyva's grace]
 21538 | D:15     | Gained mutation: You are partially covered in molten scales. (AC +2) [Jiyva's grace]
 21578 | D:15     | Gained mutation: You have a small jelly attached to you that may absorb incoming projectiles. [Jiyva's grace]
 21673 | D:15     | Found a staircase to the Depths.
 21871 | D:15     | Lost mutation: You evolve. [Jiyva's grace]
 21871 | D:15     | Gained mutation: You are somewhat resistant to further mutation. [Jiyva's grace]
 22181 | Orc:1    | Entered Level 1 of the Orcish Mines
 22208 | Orc:1    | Found Loavvis's Magic Scroll Shop.
 22295 | Orc:1    | Found Vel Sief's General Store.
 22354 | Orc:1    | Found Qaaxt's Armour Boutique.
 22401 | Orc:1    | Found Ittos's Weapon Emporium.
 22512 | Orc:1    | Noticed Erica
 22524 | Orc:1    | Killed Erica
 22669 | Orc:1    | Found Cuxilout's Assorted Antiques.
 22673 | Orc:1    | Found a burning altar of Makhleb.
 22846 | Orc:1    | Lost mutation: You are robust. (+10% HP) [Jiyva's grace]
 22867 | Orc:1    | Lost mutation: You are somewhat resistant to further mutation. [Jiyva's grace]
 22908 | Orc:1    | Gained mutation: You are robust. (+10% HP) [Jiyva's grace]
 22920 | Orc:1    | Bought a murky dark potion for 20 gold pieces
 22920 | Orc:1    | Bought a potion of heal wounds for 115 gold pieces
 22944 | Orc:2    | Entered Level 2 of the Orcish Mines
 23198 | Orc:2    | Gained mutation: You have sharp toenails. [Jiyva's grace]
 23219 | Orc:2    | Lost mutation: You are partially covered in molten scales. (AC +2) [Jiyva's grace]
 23224 | Orc:2    | Lost mutation: You are covered in slimy tendrils that may disarm your opponents. [Jiyva's grace]
 23254 | Orc:2    | Lost mutation: You have sharp toenails. [Jiyva's grace]
 23377 | Orc:2    | Found a staircase to the Elven Halls.
 23382 | Orc:2    | Gained mutation: You possess an exceptional clarity of mind. [Jiyva's grace]
 23452 | Orc:2    | Found Wociseme's Antique Weapon Emporium.
 23474 | Orc:2    | Found Toni's Gadget Shop.
 23490 | Orc:2    | Bought a wand of digging (13) for 476 gold pieces
 23654 | Orc:2    | Lost mutation: You are agile. (Dex +2) [Jiyva's grace]
 23663 | Orc:2    | Reached skill level 15 in Fighting
 23667 | Orc:2    | Gained mutation: You are covered in slimy tendrils that may disarm your opponents. [Jiyva's grace]
 23677 | Orc:2    | Found a roughly hewn altar of Beogh.
 23685 | Orc:2    | Found Mozaduq's Weapon Emporium.
 23685 | Orc:2    | Found Wyskiy's Armour Shop.
 23703 | Orc:2    | Bought the +4 plate armour of Cesuowacs {MR+ Int+4} for 768 gold pieces
 23723 | Orc:2    | Gained mutation: Your flesh is heat resistant. (rF+) [Jiyva's grace]
 23871 | Orc:2    | Lost mutation: You possess an exceptional clarity of mind. [Jiyva's grace]
 24030 | Snake:1  | Entered Level 1 of the Snake Pit
 24078 | Snake:1  | Reached skill level 19 in Maces & Flails
 24365 | Snake:1  | Gained mutation: Your flesh is very heat resistant. (rF++) [Jiyva's grace]
 24469 | Snake:1  | Found a transporter.
 24472 | Snake:1  | Found a deep blue altar of Sif Muna.
 24779 | Snake:1  | Reached XP level 17. HP: 118/124 MP: 15/17
 24971 | D:9      | Lost mutation: You are resistant to hostile enchantments. (MR+) [Jiyva's grace]
 25482 | Snake:1  | Got a transparent granite ring
 25517 | Snake:1  | Found a transporter.
 25574 | Snake:1  | Lost mutation: You are robust. (+10% HP) [Jiyva's grace]
 25591 | Snake:1  | Lost mutation: You have a small jelly attached to you that may absorb incoming projectiles. [Jiyva's grace]
 25664 | Snake:2  | Identified the ring of Taerimi {rF+ MR+ Str+3 Int+6 Stlth+} (You found it on level 1 of the Snake Pit)
 25678 | Snake:2  | Noticed Aizul
 25680 | Snake:2  | Found Esiown's Antique Armour Boutique.
 25688 | Snake:2  | Killed Aizul
 25724 | Snake:2  | Gained mutation: Your spells are a little harder to cast, but a little more powerful. [Jiyva's grace]
 25865 | Snake:2  | Noticed Saint Roka
 26063 | Snake:2  | Lost mutation: Your spells are a little harder to cast, but a little more powerful. [Jiyva's grace]
 26085 | Snake:2  | Killed Saint Roka
 26115 | Snake:2  | Lost mutation: Your body has grown many golden eyes which may confuse attackers. (Acc +5) [Jiyva's grace]
 26193 | Snake:2  | Gained mutation: [You are weak. (Str -2)] [Jiyva's grace]
 26208 | Snake:2  | Gained mutation: You can translocate small distances at will. [Jiyva's grace]
 26602 | Snake:3  | Gained mutation: You are frail. (-10% HP) [Jiyva's grace]
 26794 | Snake:3  | Gained mutation: You are surrounded by a mild repulsion field. (EV +2) [Jiyva's grace]
 26814 | Snake:3  | Lost mutation: [You are weak. (Str -2)] [Jiyva's power]
 26815 | Snake:3  | Lost mutation: You are frail. (-10% HP) [Jiyva's power]
 26858 | Snake:3  | Gained mutation: Your spells are a little harder to cast, but a little more powerful. [Jiyva's grace]
 26864 | Snake:3  | Reached XP level 18. HP: 123/123 MP: 18/18
 26974 | Snake:3  | Lost mutation: You are covered in slimy tendrils that may disarm your opponents. [Jiyva's grace]
 27301 | Snake:4  | Entered Level 4 of the Snake Pit
 27302 | Snake:4  | Noticed Roxanne
 27303 | Snake:4  | Noticed Donald
 27326 | Snake:3  | Killed Donald
 27542 | Snake:4  | Killed Roxanne
 27603 | Snake:4  | Gained mutation: You have acidic saliva. [Jiyva's grace]
 27778 | Snake:4  | Noticed eeldvark's ghost (adept GnMo)
 27795 | Snake:4  | Lost mutation: Your flesh is very heat resistant. (rF++) [Jiyva's grace]
 27802 | Snake:4  | Killed eeldvark's ghost
 28015 | Snake:4  | Gained mutation: You are somewhat resistant to further mutation. [Jiyva's grace]
 28045 | Snake:4  | Gained mutation: You have large cloven feet. [Jiyva's grace]
 28057 | Snake:4  | Lost mutation: You have large cloven feet. [Jiyva's grace]
 28067 | Snake:4  | Gained mutation: Your translucent skin reduces your foes' accuracy. (Stealth) [Jiyva's grace]
 28067 | Snake:4  | Gained mutation: You are surrounded by a moderate repulsion field. (EV +3) [Jiyva's grace]
 28083 | Snake:4  | Gained mutation: Your gelatinous body deflects attacks. (AC +3, EV +3) [Jiyva's grace]
 28167 | Snake:4  | Got a serpentine rune of Zot
 28225 | Snake:4  | Found a sparkling altar of Nemelex Xobeh.
 28304 | Snake:4  | Reached skill level 15 in Shields
 28320 | Snake:4  | Gained mutation: Your flesh is cold resistant. (rC+) [Jiyva's grace]
 28615 | Swamp:1  | Entered Level 1 of the Swamp
 28625 | Swamp:1  | Reached skill level 20 in Maces & Flails
 28948 | Swamp:1  | Gained mutation: You have an increased reservoir of magic. (+10% MP) [Jiyva's grace]
 29168 | Swamp:1  | Gained mutation: Your transparent skin significantly reduces your foes' accuracy. (Stealth) [Jiyva's grace]
 29209 | Swamp:2  | Reached skill level 1 in Dodging
 29210 | Swamp:2  | Noticed Louise
 29246 | Swamp:2  | Killed Louise
 29354 | Swamp:2  | Reached XP level 19. HP: 130/130 MP: 20/20
 29360 | Swamp:2  | Gained mutation: Your muscles are strong. (Str +2) [Jiyva's grace]
 29588 | Swamp:2  | Lost mutation: Your transparent skin significantly reduces your foes' accuracy. (Stealth) [Jiyva's grace]
 29677 | Swamp:2  | Got an ancient eveningstar
 29678 | Swamp:2  | Identified the +8 eveningstar of Yloxiciq {protect, Stlth+} (You found it on level 2 of the Swamp)
 29968 | Swamp:3  | Gained mutation: Your transparent skin significantly reduces your foes' accuracy. (Stealth) [Jiyva's grace]
 29993 | Swamp:3  | Reached skill level 15 in Armour
 30023 | Swamp:3  | Noticed Bai Suzhen
 30047 | Swamp:3  | Killed Bai Suzhen
 30122 | Swamp:3  | Identified a scroll of acquirement
 30296 | Swamp:3  | Gained mutation: You are somewhat resistant to both further mutation and mutation removal. [Jiyva's grace]
 30468 | Swamp:4  | Entered Level 4 of the Swamp
 30707 | Swamp:4  | Lost mutation: You have a somewhat thin skeletal structure. (Dex +2, Stealth) [Jiyva's grace]
 30711 | Swamp:4  | Gained mutation: Your mind is acute. (Int +2) [Jiyva's grace]
 30734 | Swamp:4  | Lost mutation: Your gelatinous body deflects attacks. (AC +3, EV +3) [Jiyva's grace]
 30837 | Swamp:4  | Got a decaying rune of Zot
 30873 | Swamp:4  | Lost mutation: Your mind is acute. (Int +2) [Jiyva's grace]
 30878 | Swamp:4  | Lost mutation: You are somewhat resistant to both further mutation and mutation removal. [Jiyva's grace]
 31143 | Elf:1    | Entered Level 1 of the Elven Halls
 31369 | Elf:1    | Lost mutation: You are surrounded by a moderate repulsion field. (EV +3) [Jiyva's grace]
 31615 | Elf:1    | Lost mutation: Your transparent skin significantly reduces your foes' accuracy. (Stealth) [Jiyva's grace]
 31743 | Elf:1    | Identified the Disquisition on Evil
 31995 | Elf:2    | Reached XP level 20. HP: 137/137 MP: 22/22
 32013 | Elf:2    | Found a runed gate.
 32014 | Elf:2    | Found a runed gate.
 32015 | Elf:2    | Found a runed gate.
 32100 | Elf:2    | Found Obihunere's Antique Armour Emporium.
 32103 | Elf:2    | Bought a slimy plate armour for 756 gold pieces
 32103 | Elf:2    | Identified the +2 plate armour of Midwinter {Dex+2} (You bought it in a shop on level 2 of the Elven Halls)
 32166 | Elf:2    | Lost mutation: Your muscles are strong. (Str +2) [Jiyva's grace]
 32265 | Elf:2    | Noticed Agnes
 32274 | Elf:2    | Lost mutation: You are surrounded by a mild repulsion field. (EV +2) [Jiyva's grace]
 32280 | Elf:2    | Killed Agnes
 32283 | Elf:2    | Reached skill level 21 in Maces & Flails
 32314 | Elf:2    | Lost mutation: You are somewhat resistant to further mutation. [Jiyva's grace]
 32409 | Elf:2    | Lost mutation: Your spells are a little harder to cast, but a little more powerful. [Jiyva's grace]
 32611 | Elf:3    | Entered Level 3 of the Elven Halls
 32727 | Elf:3    | Reached skill level 5 in Dodging
 32773 | Elf:3    | Noticed a Brimstone Fiend
 32982 | Elf:3    | Gained mutation: You have supernaturally acute eyesight. (SInv) [Jiyva's grace]
 32996 | Elf:3    | Gained mutation: Your muscles are strong. (Str +2) [Jiyva's grace]
 33101 | Elf:3    | Lost mutation: Your pliable body absorbs attacks. (AC +2, EV +2) [Jiyva's grace]
 33320 | Vaults:1 | Entered Level 1 of the Vaults
 33527 | Vaults:1 | Gained mutation: You possess an exceptional clarity of mind. [Jiyva's grace]
 33555 | Vaults:1 | Lost mutation: You can translocate small distances at will. [Jiyva's grace]
 33737 | Vaults:1 | Lost mutation: You have an increased reservoir of magic. (+10% MP) [Jiyva's grace]
 33759 | Vaults:1 | Lost mutation: You possess an exceptional clarity of mind. [Jiyva's grace]
 33792 | Vaults:1 | Gained mutation: You have an increased reservoir of magic. (+10% MP) [Jiyva's grace]
 33813 | Vaults:1 | Lost mutation: You have an increased reservoir of magic. (+10% MP) [Jiyva's grace]
 34145 | Vaults:1 | Gained mutation: You have large cloven feet. [Jiyva's grace]
 34468 | Vaults:2 | Noticed Asterion
 34485 | Vaults:2 | Killed Asterion
 34485 | Vaults:2 | Reached XP level 21. HP: 125/144 MP: 16/21
 34666 | Vaults:2 | Noticed Xtahua
 34692 | Vaults:2 | Killed Xtahua
 34848 | Vaults:2 | Gained mutation: You are partially covered in yellow scales. (AC +2) [Jiyva's grace]
 34892 | Vaults:2 | Lost mutation: You are partially covered in yellow scales. (AC +2) [Jiyva's grace]
 34964 | Vaults:2 | Lost mutation: You have supernaturally acute eyesight. (SInv) [Jiyva's grace]
 35242 | Vaults:2 | Gained mutation: You have a pair of small horns on your head. [Jiyva's grace]
 35279 | Vaults:2 | Gained mutation: You are covered in slimy tendrils that may disarm your opponents. [Jiyva's grace]
 35618 | Vaults:3 | Reached skill level 22 in Maces & Flails
 35863 | Vaults:3 | Lost mutation: Your rubbery body absorbs attacks. (AC +1, EV +1) [Jiyva's grace]
 35959 | Vaults:3 | Cast into level 4 of the Abyss (the power of Zot)
 35967 | Abyss:4  | Got an abyssal rune of Zot
 35969 | Abyss:4  | Paralysed by accursed screaming for 2 turns
 35985 | Abyss:4  | Paralysed by accursed screaming for 2 turns
 36008 | Abyss:4  | Paralysed by accursed screaming for 1 turns
 36014 | Abyss:4  | Paralysed by accursed screaming for 1 turns
 36021 | Abyss:4  | Killed from afar by a starcursed mass

Skill      XL: |  1  2  3  4  5  6  7  8  9 10 11 12 13 14 15 16 17 18 19 20 21 |
---------------+----------------------------------------------------------------+-----
Maces & Flails | 3 4 5 6 7 9 11 12 13 15 16 17 18 19 20 21 22 | 22.1
Fighting       | 5 8 9 11 12 13 15 17 18 19 | 19.7
Armour         | 4 6 7 9 10 12 13 14 15 16 | 16.7
Shields        | 4 6 7 9 11 12 13 14 15 16 | 16.9
Dodging        | 1 4 6 7 |  7.3

Action                   |  1- 3 |  4- 6 |  7- 9 | 10-12 | 13-15 | 16-18 | 19-21 || total
-------------------------+-------+-------+-------+-------+-------+-------+-------++-------
Melee: Flail             |   126 |   274 |   546 |   816 |   426 |       |       ||  2188
       Morningstar       |       |       |       |       |  1511 |  1749 |       ||  3260
       Pseudopods        |       |       |       |       |    31 |       |       ||    31
       Bite              |       |       |       |       |       |    99 |   234 ||   333
       Eveningstar       |       |       |       |       |       |    36 |  1297 ||  1333
       Headbutt          |       |       |       |       |       |       |    66 ||    66
Invok: Request Jelly     |       |       |       |       |     7 |     2 |       ||     9
       Cure Bad Mutation |       |       |       |       |     2 |     2 |       ||     4
 Abil: Fly               |       |       |       |       |       |     1 |       ||     1
Evoke: Wand              |       |       |       |     1 |       |     1 |       ||     2
  Use: Potion            |       |     1 |     2 |    12 |     1 |     7 |     5 ||    28
       Scroll            |       |       |    18 |     7 |    17 |    13 |     9 ||    64
 Stab: Confused          |       |       |       |       |     8 |    25 |    10 ||    43
       Distracted        |       |       |       |       |       |       |     1 ||     1
       Sleeping          |       |       |       |       |       |       |     1 ||     1
  Eat: Chunk             |       |     3 |     7 |     9 |     6 |       |       ||    25
       Ration            |       |     1 |     1 |     7 |     4 |       |       ||    13
Armor: Plate armour      |   121 |   202 |   493 |   625 |  1468 |   915 |   493 ||  4317
       Scale mail        |     2 |       |       |       |       |       |       ||     2
       Skin              |       |       |       |     6 |       |       |       ||     6
       Fire dragon scale |       |       |       |       |       |       |    69 ||    69
Dodge: Dodged            |    35 |    28 |   104 |   171 |   427 |   612 |   630 ||  2007
Block: Shield            |    74 |   139 |   306 |   469 |  1229 |  1429 |  1024 ||  4670
       Reflection        |       |       |       |       |       |    48 |    70 ||   118
